 Dungeon Crawl Stone Soup version 0.27-a0-416-gca2cecf3c0 (webtiles) character file.

Game seed: 7224767095459517396

11330 wampuh the Transmogrifier (level 11, 0/86 HPs)
             Began as a Yellow Draconian Transmuter on Feb 24, 2021.
             Was a Follower of Uskayaw.
             Slain by a three-headed hydra (6 damage)
             ... on level 11 of the Dungeon.
             The game lasted 00:23:51 (13736 turns).

wampuh the Transmogrifier (DrTm)                   Turns: 13736, Time: 00:23:52

Health: 0/86       AC: 12    Str: 12    XL:     11   Next: 47%
Magic:  14/17      EV: 16    Int: 15    God:    Uskayaw [*.....]
Gold:   59         SH:  0    Dex: 20    Spells: 10/18 levels left

rFire    . . .     SeeInvis .   C - +0 broad axe (flame)
rCold    . . .     Faith    +   (no shield)
rNeg     . . .     Spirit   .   (armour unavailable)
rPois    .         Reflect  .   (helmet currently unavailable)
rElec    .         Harm     .   (no cloak)
rCorr    +         Rampage  .   g - +0 pair of gloves
Will     .....                  (boots currently unavailable)
Stlth    ++........             D - amulet of faith
HPRegen  0.24/turn              j - +4 ring of protection
MPRegen  0.15/turn              I - +6 ring of dexterity

@: short of breath, appendages
A: spit acid, unfitting armour, horns 2, talons 2, cold-blooded, acid
resistance, AC +7
a: Breathe Acid, End Transformation, Renounce Religion, Stomp


You were on level 11 of the Dungeon.
You worshipped Uskayaw.
Uskayaw was noncommittal.
You had grown temporary horns.
You had grown temporary talons.
You visited 2 branches of the dungeon, and saw 12 of its levels.

You collected 719 gold pieces.
You spent 660 gold pieces at shops.

Inventory:

Hand Weapons
 C - a +0 broad axe of flaming (weapon)
Armour
 a - a +0 pair of boots (melded)
 g - a +0 pair of gloves (worn)
 J - the -2 hat of the Alchemist (melded) {rElec rPois rF+ rC+ rN+ Will+ rMut rCorr}
   (You bought it in a shop on level 10 of the Dungeon)

   It protects you from fire.
   It protects you from cold.
   It insulates you from electricity.
   It protects you from poison.
   It protects you from negative energy.
   It affects your willpower, your defense against some magical effects.
   It provides partial protection from all sources of acid and corrosion.
   It protects you from mutation.
Magical Staves
 w - a staff of air
 B - a staff of poison
Jewellery
 j - a +4 ring of protection (left hand)
 m - a ring of protection from cold
 p - a ring of willpower
 D - an amulet of faith (around neck)
 F - a ring of resist corrosion
 H - a ring of flight
 I - a +6 ring of dexterity (right hand)
Wands
 d - a wand of flame (15)
 u - a wand of polymorph (7)
 z - a wand of charming (10)
Scrolls
 b - a scroll of amnesia {unknown}
 c - 4 scrolls of teleportation
 e - a scroll of torment
 f - 3 scrolls of magic mapping {unknown}
 h - a scroll of random uselessness
 k - a scroll of blinking {unknown}
 o - a scroll of fog
 q - 3 scrolls of enchant armour
 r - 2 scrolls of immolation
 y - 2 scrolls of enchant weapon
Potions
 i - a potion of invisibility {unknown}
 l - 3 potions of brilliance
 n - a potion of magic
 s - 2 potions of lignification
 t - 2 potions of curing
 v - 2 potions of attraction
 x - a potion of resistance
 E - a potion of flight
 G - 3 potions of ambrosia {unknown}


   Skills:
 - Level 5.0 Fighting
 - Level 5.0 Dodging
 + Level 8.5 Unarmed Combat
 - Level 4.0 Spellcasting
 + Level 12.6 Transmutations
 - Level 6.0 Invocations
 + Level 4.2 Evocations


You had 10 spell levels left.
You knew the following spells:

 Your Spells              Type           Power        Failure   Level
a - Beastly Appendage     Tmut           80%          1%          1
b - Wereblood             Tmut           40%          1%          2
c - Blade Hands           Tmut           20%          2%          5

Your spell library contained the following spells:

 Spells                   Type           Power        Failure   Level
 Spider Form              Tmut/Pois      10%          4%          3
 Ice Form                 Ice/Tmut       21%          14%         4
 Shock                    Conj/Air       12%          19%         1
 Swiftness                Air            3%           26%         2
 Static Discharge         Conj/Air       3%           47%         3
 Airstrike                Air            1%           87%         4
 Lightning Bolt           Conj/Air       1%           99%         5


Dungeon Overview and Level Annotations

Branches:
Dungeon (11/15)            Temple (0/1) D:6            Lair (1/6) D:8
    Orc (0/2) D:10

Altars:
Elyvilon
Gozag
Nemelex Xobeh
Okawaru
Qazlal
Sif Muna
Trog
Uskayaw

Shops:
D:10 [

Annotations:
D:5 3 runed translucent doors, dickylongcocking's ghost, weakling DsDe
D:10 1 runed translucent door, foci's ghost, novice GrFi


Innate Abilities, Weirdness & Mutations

You can spit globs of acid.
Your golden yellow scales are hard. (AC +7)
You cannot fit into any form of body armour.
You are cold-blooded and may be slowed by cold attacks.
You are resistant to acid. (rCorr)
You have a pair of horns on your head.
You have razor-sharp toenails.


Message History

C - a +0 broad axe of flaming (weapon)
You stomp with the beat, sending a shockwave through the revellers around you!
You can no longer stomp with the beat.
Casting: Blade Hands (dangerous; 2% risk of failure)
Confirm with . or Enter, or press ? or * to list all spells.
You grow a pair of large bovine horns.
Your feet morph into talons.
The -2 hat of the Alchemist {rElec rPois rF+ rC+ rN+ Will+ rMut rCorr} melds into your body.
Your +0 pair of boots melds into your body.
The five-headed hydra roars!
The five-headed hydra misses you. The five-headed hydra bites you!
The five-headed hydra bites you. The five-headed hydra bites you!
The five-headed hydra closely misses you.
You chop one of the five-headed hydra's heads off!
The flame cauterises the wound!
You hit the four-headed hydra. You burn the four-headed hydra.
You claw the four-headed hydra.
The four-headed hydra is lightly wounded.
The four-headed hydra bites you.
The four-headed hydra bites you but does no damage. x2
The four-headed hydra bites you!
The four-headed hydra closely misses you.
The four-headed hydra bites you. The four-headed hydra bites you!
The four-headed hydra misses you.
You slice one of the four-headed hydra's heads off!
The flame cauterises the wound!
You slash the three-headed hydra! You burn the three-headed hydra.
The three-headed hydra is moderately wounded.
The three-headed hydra misses you. The three-headed hydra bites you!
* * * LOW HITPOINT WARNING * * *
The three-headed hydra bites you!
* * * LOW HITPOINT WARNING * * *
You can now stomp with the beat.
Press: ? - help, Shift-Dir - straight line, f - three-headed hydra
Aim: a three-headed hydra (moderately wounded)
You spit a glob of acid.
The glob of acid hits the three-headed hydra!
The three-headed hydra is splashed with acid!
The acid corrodes the three-headed hydra!
The three-headed hydra is heavily wounded.
The three-headed hydra bites you.
You die...

......# ..#
####..# ..# #.##
#..# ..# #.. #..#
..# #.. #..# ..#
#.. #..# #..# #.#
#..# #..# #.# #..#
#..# #D# #..# #..#
#@# #..# #..####.#
#..# #....>..#
#..# #.......#
####.)####.......#
(...........###..#
.....)......# #.[#
####)####...# #.)#
#.# #...# #..#


You could see a three-headed hydra (corroded).

Vanquished Creatures
  A two-headed ogre (D:9)
  An unseen horror (D:7)
  An ugly thing (D:8)
  A black mamba (Lair:1)
  Maggie (D:8)
  A troll (D:9)
  A queen bee (D:9)
  A hornet (D:6)
  A wraith (D:10)
  9 yaks
  Edmund (D:4)
  3 sky beasts
  3 orc warriors
  2 black bears
  2 ice beasts
  5 ogres
  4 wolves (Lair:1)
  13 centaurs
  2 phantoms (D:6)
  A kobold brigand (D:10)
  4 bullfrogs
  A water moccasin zombie (D:6)
  7 scorpions
  32 killer bees
  14 wights
  4 howler monkeys
  A centaur zombie (D:7)
  3 bullfrog zombies
  A quasit (D:5)
  A jelly (D:10)
  4 orc priests
  5 hounds
  A bullfrog skeleton (D:5)
  A gnoll shaman (D:4)
  3 iguanas
  A centaur skeleton (D:10)
  Terence (D:3)
  6 orc wizards
  5 worker ants
  2 hound zombies
  A hound skeleton (D:6)
  4 gnolls (D:4)
  8 adders
  3 shadow imps
  3 white imps
  5 ufetubi
  3 oozes
  3 worms
  3 dart slugs (D:1)
  10 leopard geckos
  31 orcs
  8 giant cockroaches
  10 goblins
  9 hobgoblins
  20 jackals
  13 kobolds
  7 quokkas
  2 ball pythons
  8 bats
  7 frilled lizards
  A jackal skeleton (D:4)
  A leopard gecko zombie (D:6)
  8 rats
319 creatures vanquished.

Vanquished Creatures (others)
  A quokka (D:7)
  5 fungi
  2 plants (D:8)
  5 toadstools (D:2)
13 creatures vanquished.

Grand Total: 332 creatures vanquished

Notes
Turn   | Place    | Note
-------+----------+-------------------------------------------
     0 | D:1      | wampuh the Draconian Transmuter began the quest for the
                  | Orb.
     0 | D:1      | Reached XP level 1. HP: 16/16 MP: 3/3
   215 | D:1      | Reached XP level 2. HP: 23/23 MP: 3/5
   506 | D:1      | Reached XP level 3. HP: 27/28 MP: 4/6
   964 | D:2      | Reached skill level 3 in Transmutations
  1197 | D:2      | Reached XP level 4. HP: 35/35 MP: 6/8
  1242 | D:2      | Learned a level 2 spell: Wereblood
  1734 | D:2      | Found an iron altar of Okawaru.
  1737 | D:2      | Found a bloodstained altar of Trog.
  1741 | D:2      | Found a hide-covered altar of Uskayaw.
  1745 | D:2      | Became a worshipper of Uskayaw the Reveller
  1869 | D:2      | Reached * piety under Uskayaw
  1870 | D:2      | Reached XP level 5. HP: 38/40 MP: 10/10
  2195 | D:3      | Noticed Terence
  2217 | D:3      | Reached ** piety under Uskayaw
  2219 | D:3      | Killed Terence
  2220 | D:3      | Reached skill level 4 in Transmutations
  2718 | D:3      | Found a sparkling altar of Nemelex Xobeh.
  3097 | D:4      | Found a stormy altar of Qazlal.
  3099 | D:4      | Noticed a fire elemental
  3099 | D:4      | Noticed a water elemental
  3099 | D:4      | Noticed an air elemental
  3135 | D:4      | Noticed Edmund
  3146 | D:4      | Reached *** piety under Uskayaw
  3147 | D:4      | Killed Edmund
  3148 | D:4      | Reached skill level 5 in Transmutations
  3148 | D:4      | Reached XP level 6. HP: 36/47 MP: 10/12
  3429 | D:4      | Reached skill level 6 in Transmutations
  3589 | D:4      | Your scales start taking on a golden yellow colour.
  3589 | D:4      | Reached XP level 7. HP: 41/52 MP: 11/13
  3589 | D:4      | Gained mutation: You are resistant to acid. (rCorr) [Yellow
                  | Draconian growth]
  3623 | D:4      | Found a sparkling altar of Nemelex Xobeh.
  3713 | D:4      | Reached skill level 7 in Transmutations
  3947 | D:4      | Reached **** piety under Uskayaw
  3954 | D:4      | Reached ***** piety under Uskayaw
  3980 | D:4      | Found a shimmering blue altar of Sif Muna.
  4130 | D:5      | Entered Level 5 of the Dungeon
  4168 | D:5      | Learned a level 5 spell: Blade Hands
  4206 | D:5      | Reached skill level 8 in Transmutations
  4475 | D:5      | Reached XP level 8. HP: 49/59 MP: 10/14
  4538 | D:5      | Reached skill level 9 in Transmutations
  4652 | D:5      | Found a runed translucent gate.
  4659 | D:5      | Found a runed translucent gate.
  4659 | D:5      | Found an opulent altar of Gozag.
  4660 | D:5      | Found a runed translucent gate.
  5037 | D:5      | Noticed dickylongcocking's ghost (weakling DsDe)
  5555 | D:6      | Reached skill level 10 in Transmutations
  6053 | D:6      | Found a staircase to the Ecumenical Temple.
  6069 | D:6      | Reached XP level 9. HP: 45/66 MP: 15/15
  6685 | D:7      | Found a white marble altar of Elyvilon.
  6798 | D:7      | Reached skill level 5 in Fighting
  6805 | D:7      | Reached skill level 1 in Invocations
  6808 | D:7      | Killed an unseen horror
  6809 | D:7      | Reached skill level 5 in Unarmed Combat
  6809 | D:7      | Reached skill level 11 in Transmutations
  7322 | D:8      | Reached XP level 10. HP: 81/81 MP: 11/16
  7326 | D:8      | Found a staircase to the Lair.
  7332 | D:8      | Identified a faintly humming chain mail
  7547 | D:8      | Noticed Maggie
  7557 | D:8      | Killed Maggie
  8350 | D:9      | Noticed a brown ugly thing
  8358 | D:8      | Killed a brown ugly thing
  8579 | D:9      | Reached skill level 5 in Invocations
  9113 | D:9      | Reached ****** piety under Uskayaw
  9118 | D:9      | Reached skill level 12 in Transmutations
  9121 | D:9      | Reached skill level 5 in Dodging
  9536 | D:9      | Noticed a two-headed ogre
  9610 | Lair:1   | Entered Level 1 of the Lair of Beasts
  9659 | Lair:1   | Noticed a black mamba
  9671 | Lair:1   | Killed a black mamba
  9672 | Lair:1   | Reached skill level 1 in Evocations
  9879 | Lair:1   | Reached XP level 11. HP: 44/86 MP: 10/17
 10276 | Lair:1   | Noticed a five-headed hydra
 10325 | D:9      | Killed a two-headed ogre
 11777 | D:10     | Entered Level 10 of the Dungeon
 11886 | D:10     | Found a stormy altar of Qazlal.
 12181 | D:10     | Found a runed translucent door.
 12182 | D:10     | Noticed foci's ghost (novice GrFi)
 12417 | D:10     | Found a staircase to the Orcish Mines.
 12419 | D:10     | Found Udasergh's Armour Shop.
 12644 | D:10     | Bought the -2 hat of the Alchemist {rElec rPois rF+ rC+ rN+
                  | Will+ rMut rCorr} for 660 gold pieces
 12644 | D:10     | Found the -2 hat of the Alchemist {rElec rPois rF+ rC+ rN+
                  | Will+ rMut rCorr}
 13460 | D:11     | HP: 3/86 [centaur/arrow (11)]
 13460 | D:11     | HP: 1/86 [centaur/arrow (2)]
 13721 | D:11     | Noticed a five-headed hydra
 13736 | D:11     | Slain by a three-headed hydra

Illustrated notes

Levels and vault maps discovered:
D:1:      shiori_shiawase, layout_basic
D:2:      layout_loops_ring, grunt_temple_overflow_diamond,
          minmay_gold_behind_fungi
D:3:      layout_basic, nemelex_dance_club_becter, uniq_terence
D:4:      layout_loops_ring, lemuel_round_altar, lemuel_blue_sif_altar,
          nicolae_qazlal_style_of_elements, uniq_edmund
D:5:      layout_basic, ebering_ghost_gozag, hangedman_decor_growths
D:6:      layout_loops_ring, minmay_temple_entry_grid
D:7:      layout_basic, elyvilon_altar_4
D:8:      layout_basic, grunt_lair_entry_orc_guard_hut, uniq_maggie
D:9:      layout_small_grid, special_room [special_room_bee]
D:10:     layout_basic, orc_david_3, basic_altar, ebering_ghost_inner_flame
D:11:     layout_long_grid, hangedman_misty_isle
Lair:1:   layout_cave_pods, lemuel_oklob_altar, infiniplex_staircase_pool,
          lemuel_fruit_tree

Skill      XL: |  1  2  3  4  5  6  7  8  9 10 11 |
---------------+----------------------------------+-----
Transmutations | 3 5 6 8 10 11 12 | 12.6
Spellcasting   | 3 4 |  4.0
Unarmed Combat | 4 5 7 8 |  8.5
Dodging        | 2 3 5 |  5.0
Fighting       | 2 5 |  5.0
Invocations    | 3 6 |  6.0
Evocations     | 1 4 |  4.2

Action                   |  1- 3 |  4- 6 |  7- 9 | 10-12 || total
-------------------------+-------+-------+-------+-------++-------
Melee: Unarmed           |    92 |   138 |   100 |   261 ||   591
       Kick              |    19 |    48 |    60 |     1 ||   128
       Tailslap          |     9 |    14 |    41 |    34 ||    98
       Headbutt          |     9 |    28 |    37 |       ||    74
       Punch             |       |     2 |     4 |     5 ||    11
       Dagger            |       |    67 |   296 |       ||   363
       Broad axe         |       |       |       |     2 ||     2
 Cast: Beastly Appendage |    23 |    34 |    31 |     1 ||    89
       Wereblood         |       |       |     3 |     2 ||     5
       Blade Hands       |       |       |    14 |    44 ||    58
Invok: Stomp             |       |       |     3 |     3 ||     6
       Line Pass         |       |       |     2 |     3 ||     5
 Abil: Breathe Acid      |       |       |     3 |     4 ||     7
  Use: Potion            |       |     2 |       |     3 ||     5
       Scroll            |       |       |    10 |     5 ||    15
 Stab: Paralysed         |       |     1 |     5 |    21 ||    27
       Sleeping          |       |       |     1 |       ||     1
Armor: Skin              |    23 |    58 |   182 |    96 ||   359
Dodge: Dodged            |    57 |   118 |   284 |   219 ||   678

Table legend: (Time is in decaauts)
 A = Elapsed time spent in this place.
 B = Non-inter-level travel time spent in this place.
 C = Inter-level travel time spent in this place.
 D = Time resting spent in this place.
 E = Time spent auto-exploring this place.
 F = Levels seen in this place.
 G = Mean time per level.
                   A        B        C        D        E       F      G
               +--------+--------+--------+--------+--------+-----+--------+
         Total |  13688 |  13407 |    281 |   3244 |   8082 |  12 | 1140.7 |
       Dungeon |  12994 |  12720 |    274 |   2819 |   7881 |  11 | 1181.3 |
          Lair |    694 |    688 |      6 |    425 |    201 |   1 |  694.0 |
               +--------+--------+--------+--------+--------+-----+--------+

Top non-repeatable levels by time:
     D:8: 1916 daAuts
     D:9: 1872 daAuts
    D:10: 1507 daAuts
     D:6: 1463 daAuts
     D:2: 1166 daAuts
     D:5: 1156 daAuts
     D:4: 1052 daAuts
     D:3: 964 daAuts
     D:1: 930 daAuts
  Lair:1: 694 daAuts
     D:7: 519 daAuts
    D:11: 443 daAuts
